 Dungeon Crawl Stone Soup version 0.31-a0-16-g6d2539766c (webtiles) character file.

Game seed: 3063530391134181439

7460 Gorgormcgor the Grappler (level 10, -6/138 HPs)
             Began as a Troll Monk on Aug 18, 2022.
             Was a High Priest of Wu Jian.
             Mangled by a komodo dragon (30 damage)
             ... on level 1 of the Lair of Beasts on May 8, 2023.
             The game lasted 01:10:02 (8457 turns).

Gorgormcgor the Grappler (Troll Monk)               Turns: 8457, Time: 01:10:02

Health: -6/138     AC:  6    Str: 21    XL:     10   Next: 94%
Magic:  15/15      EV: 12    Int:  8    God:    Wu Jian [*****.]
Gold:   493        SH:  0    Dex: 21    Spells: 9/17 levels left

rFire   . . .        j - +4 whip of Corruption {chaos, rPois rF- rC+ Dex+7}
rCold   + . .        (no shield)
rNeg    . . .        q - +2 robe {Archmagi}
rPois   +            (helmet restricted)
rElec   .            p - scarf {shadows}
rCorr   .            (gloves unavailable)
SInv    .            (boots unavailable)
Will    +++..        f - amulet of Xet Ositi {Contam +Inv rF+ Will++ Regen+} Stlth
                     s - ring of willpower
HPRegen 2.03/turn    w - ring of wizardry
MPRegen 0.14/turn

%: wizardry (x1), archmagi
@: berserking, very quick
A: large, unfitting armour, claws 3, regeneration 1, shaggy fur 1, tough skin 1
a: Renounce Religion, Evoke Invisibility, Wall Jump, Serpent's Lash, Heavenly
Storm


You were on level 1 of the Lair of Beasts.
You worshipped Wu Jian.
Wu Jian was extremely pleased with you.
You visited 3 branches of the dungeon, and saw 11 of its levels.
You also visited: Ossuary.

You collected 493 gold pieces.

Inventory:

Hand Weapons
 j - the +4 whip of Corruption (weapon) {chaos, rPois rF- rC+ Dex+7}
   (You found it on level 2 of the Dungeon)

   Dex:       It affects your dexterity (+7).
   rF:        It makes you vulnerable to fire.
   rC:        It protects you from cold.
   rPois:     It protects you from poison.
Missiles
 k - 25 poisoned darts (quivered)
Armour
 p - a scarf of shadows (worn)
 q - a +2 robe of the Archmagi (worn)
Jewellery
 a - a ring of protection from cold
 e - an amulet of guardian spirit
 f - the amulet of Xet Ositi (around neck) {Contam +Inv rF+ Will++ Regen+}
   (You acquired it on level 5 of the Dungeon)

   [amulet of regeneration]

   rF:        It protects you from fire.
   +Inv:      It lets you turn invisible.
   Contam:    It causes magical contamination when unequipped.
   Regen:     It increases your rate of health regeneration.
   Will:      It greatly increases your willpower.
 g - a ring of magical power
 s - a ring of willpower (left claw)
 w - a ring of wizardry (right claw)
Wands
 t - a wand of roots (7)
Scrolls
 c - 2 scrolls of blinking
 h - 2 scrolls of enchant armour
 i - a scroll of teleportation
 v - 2 scrolls of identify
 x - a scroll of magic mapping
 y - 2 scrolls of silence
Potions
 b - 2 potions of berserk rage
 d - a potion of attraction
 l - 4 potions of flight
 m - 2 potions of might
 n - a potion of ambrosia
 o - a potion of resistance {unknown}
 r - 2 potions of heal wounds
 u - a potion of lignification
 z - 2 potions of brilliance {unknown}
 A - a potion of haste {unknown}


   Skills:
 - Level 3.7 Fighting
 - Level 2.8 Throwing
 - Level 4.4 Dodging
 - Level 1.0 Stealth
 * Level 12.3 Unarmed Combat
 + Level 4.3 Spellcasting
 + Level 5.7 Necromancy


You had 9 spell levels left.
You knew the following spells:

 Your Spells              Type           Power      Damage    Failure   Level
a - Necrotise             Necr           64%        1d7       1%          1
b - Vampiric Draining     Necr           16%        2d7       3%          3
c - Dispel Undead         Necr           16%        3d10      11%         4

Your spell library contained the following spells:

 Spells                   Type           Power      Damage    Failure   Level
 Kiss of Death            Conj/Necr      36%        2d8       3%          1
 Blink                    Tloc           4%         N/A       17%         2
 Poisonous Vapours        Pois/Air       4%         N/A       17%         2
 Agony                    Necr           16%        N/A       28%         5
 Confusing Touch          Hex            2%         N/A       32%         3
 Manifold Assault         Tloc           2%         N/A       71%         4
 Petrify                  Tmut/Erth      2%         N/A       71%         4
 Metabolic Englaciation   Hex/Ice        1%         N/A       95%         5
 Statue Form              Tmut/Erth      1%         N/A       100%        6
 Storm Form               Tmut/Air       1%         N/A       100%        7


Dungeon Overview and Level Annotations

Branches:
Dungeon (9/15)             Temple (1/1) D:5            Lair (1/5) D:8
Ossuary (visited)
    Orc: D:9-12

Altars:
Fedhas
Gozag
Nemelex Xobeh
Okawaru
Qazlal
Sif Muna
Vehumet
Wu Jian
Xom
Yredelemnul
Zin

Annotations:
D:6 1 runed translucent door
D:8 1 runed translucent door


Innate Abilities, Weirdness & Mutations

You are too large for most types of armour.
You have claws for hands.
Your natural rate of healing is unusually fast.
You are covered in fur. (AC +1)
You have tough skin. (AC +1)


Message History

The bullfrog is heavily wounded.
The bullfrog misses you.
The bullfrog hits you but does no damage.
You hit the bullfrog.
You kill the bullfrog!
The Council accepts your kill.
Your life force feels restored.
You whack the komodo dragon! You burn the komodo dragon.
The komodo dragon is moderately wounded.
The komodo dragon bites you!
You hit the komodo dragon.
The komodo dragon seems to speed up.
The komodo dragon is moderately wounded.
The komodo dragon bites you!! The komodo dragon barely misses you.
You barely miss the komodo dragon.
The komodo dragon is moderately wounded.
The komodo dragon closely misses you.
You barely miss the komodo dragon. Your claw misses the komodo dragon.
The komodo dragon is moderately wounded.
The komodo dragon bites you but does no damage.
The komodo dragon bites you.
You hit the komodo dragon.
The komodo dragon is moderately wounded.
The komodo dragon bites you!! x2
* * * LOW HITPOINT WARNING * * *
You barely miss the komodo dragon.
The komodo dragon is moderately wounded.
The komodo dragon bites you!
* * * LOW HITPOINT WARNING * * *
You feel much better. The komodo dragon closely misses you.
The komodo dragon bites you!!
* * * LOW HITPOINT WARNING * * *
A red film seems to cover your vision as you go berserk!
You feel yourself moving faster!
You feel mighty! The komodo dragon misses you.
You closely miss the komodo dragon.
The komodo dragon is moderately wounded.
The komodo dragon barely misses you.
You hit the komodo dragon. You burn the komodo dragon.
The komodo dragon is moderately wounded.
The komodo dragon bites you!!
You die...

.#.# #...# ###
...###...#####.#
....#.........##
..............#
..............#
...........#### #
....[......#.####### .#
#....#...>.......#.####..###
.#....#<.......#@l........P#
......##..##...#####.#......
..#.............#.##........
..........(#.#...#.#..#.....
.......(......#...#.l......)
...#...P...).#....#..#....P.
..##..(((..................#
...#..........###..#
...#..........>#...##


You could see a komodo dragon (fast).

Vanquished Creatures
  A two-headed ogre (D:7)
  Pikel (D:6)
  A cyclops (D:6)
  Maggie (D:6)
  Prince Ribbit (D:6)
  4 yaks
  A wraith (D:8)
  A hog (shapeshifter) (Lair:1)
  5 water moccasins
  An ice beast (D:5)
  2 sky beasts
  2 black bears
  3 orc warriors
  2 ogres
  4 centaurs
  2 lemures
  8 bullfrogs
  2 gnoll sergeants
  2 necrophages
  3 scorpions
  6 wights
  The ghost of gdog the Covert, a weakling GnDe (D:6)
  11 killer bees
  2 howler monkeys
  2 jellies
  5 orc priests
  Crazy Yiuf (D:6)
  2 hounds
  4 iguanas
  9 orc wizards
  11 mummies (Ossuary)
  12 gnolls
  12 adders
  A shadow imp (D:7)
  3 ufetubi
  28 orcs
  7 endoplasms
  5 goblins
  7 hobgoblins
  2 jackals (D:1)
  3 quokkas
  8 ball pythons
  4 bats
  5 gnoll skeletons (Ossuary)
  3 goblin skeletons (Ossuary)
  11 kobolds
  3 rats
  11 rat skeletons (Ossuary)
226 creatures vanquished.

Vanquished Creatures (others)
  A gnoll zombie (D:8)
1 creature vanquished.

Grand Total: 227 creatures vanquished

Notes
Turn   | Place    | Note
-------+----------+-------------------------------------------
     0 | D:1      | Gorgormcgor the Troll Monk began the quest for the Orb.
     0 | D:1      | Reached XP level 1. HP: 22/22 MP: 0/0
    81 | D:1      | Reached XP level 2. HP: 29/29 MP: 1/1
   342 | D:1      | Found a faded altar of an unknown god.
   694 | D:2      | Identified the +4 whip of Corruption {chaos, rPois rF- rC+
                  | Dex+7}
   751 | D:2      | Reached skill level 4 in Unarmed Combat
   751 | D:2      | Reached XP level 3. HP: 36/36 MP: 2/2
   936 | D:2      | Reached XP level 4. HP: 44/44 MP: 3/3
  1436 | D:3      | Found an ornate altar of the Wu Jian Council.
  1443 | D:3      | Noticed a spectral centipede
  1443 | D:3      | Noticed a spectral black mamba
  1443 | D:3      | Noticed a spectral cane toad
  1444 | D:3      | Became a worshipper of the Wu Jian Council
  1444 | D:3      | Reached * piety under Wu Jian
  1444 | D:3      | Reached ** piety under Wu Jian
  1618 | D:3      | Reached skill level 5 in Unarmed Combat
  1635 | D:3      | Reached XP level 5. HP: 20/50 MP: 4/4
  1794 | D:3      | Found a shimmering blue altar of Sif Muna.
  2123 | D:4      | Found a sand-covered staircase.
  2133 | D:4      | Identified a scroll of acquirement
  2133 | D:4      | Acquired an amulet of guardian spirit
  2147 | Ossuary  | Entered an ossuary
  2344 | Ossuary  | Reached XP level 6. HP: 59/59 MP: 5/5
  2384 | Ossuary  | Reached skill level 1 in Throwing
  2464 | Ossuary  | Reached *** piety under Wu Jian
  2558 | D:4      | Reached skill level 6 in Unarmed Combat
  2591 | D:4      | Found a blossoming altar of Fedhas.
  2778 | D:4      | Reached XP level 7. HP: 67/67 MP: 6/6
  3133 | D:4      | Found a radiant altar of Vehumet.
  3133 | D:4      | Found an opulent altar of Gozag.
  3139 | D:4      | Found an iron altar of Okawaru.
  3142 | D:4      | Found a stormy altar of Qazlal.
  3146 | D:4      | Found a glowing silver altar of Zin.
  3152 | D:4      | Found a shimmering altar of Xom.
  3281 | D:5      | Entered Level 5 of the Dungeon
  3298 | D:5      | Found a staircase to the Ecumenical Temple.
  3629 | D:5      | Reached skill level 7 in Unarmed Combat
  3894 | D:5      | Reached XP level 8. HP: 58/78 MP: 7/7
  3895 | D:5      | Upgraded the game from 0.29-a0-1052-g6990b1bffc to
                  | 0.29-a0-1065-g47a6bb87d6
  4020 | D:5      | Acquired the amulet of Xet Ositi {Contam +Inv rF+ Will++
                  | Regen+}
  4057 | Temple   | Entered the Ecumenical Temple
  4101 | D:6      | Found a runed translucent door.
  4105 | D:6      | Noticed gdog's ghost (weakling GnDe)
  4119 | D:6      | Reached skill level 1 in Necromancy
  4138 | D:6      | Killed gdog's ghost
  4139 | D:6      | Reached skill level 1 in Spellcasting
  4143 | D:6      | Found a runed translucent door.
  4175 | D:6      | Reached skill level 8 in Unarmed Combat
  4182 | D:6      | Noticed Prince Ribbit
  4187 | D:6      | Reached **** piety under Wu Jian
  4198 | D:6      | Killed Prince Ribbit
  4249 | D:6      | Noticed Maggie
  4264 | D:6      | Killed Maggie
  4278 | D:6      | Reached skill level 9 in Unarmed Combat
  4278 | D:6      | Reached XP level 9. HP: 79/84 MP: 11/11
  4477 | D:6      | Noticed Pikel
  4477 | D:6      | Noticed a cyclops
  4623 | D:6      | Killed a cyclops
  4631 | D:6      | Learned a level 1 spell: Necrotise
  4635 | D:6      | Learned a level 3 spell: Vampiric Draining
  4732 | D:6      | Found a sparkling altar of Nemelex Xobeh.
  4892 | D:6      | Killed Pikel
  4893 | D:6      | Reached skill level 10 in Unarmed Combat
  5169 | D:6      | Found a runed translucent door.
  5170 | D:6      | Noticed Crazy Yiuf
  5178 | D:6      | Killed Crazy Yiuf
  5428 | D:7      | Noticed a two-headed ogre
  5429 | D:7      | Upgraded the game from 0.29-a0-1065-g47a6bb87d6 to
                  | 0.30-a0-586-g23e55c9e0a
  5474 | D:7      | Upgraded the game from 0.30-a0-586-g23e55c9e0a to
                  | 0.30-a0-920-g7493c07aab
  5526 | D:7      | Killed a two-headed ogre
  5527 | D:7      | Reached XP level 10. HP: 77/92 MP: 0/13
  5981 | D:7      | Found the +6 shillelagh "Devastator" {shatter}
  6052 | D:7      | Upgraded the game from 0.30-a0-920-g7493c07aab to
                  | 0.30-a0-1016-gfb0d676c02
  6127 | D:7      | Reached skill level 11 in Unarmed Combat
  6525 | D:8      | Found a staircase to the Lair.
  6780 | D:8      | Found a runed translucent door.
  6832 | D:8      | Learned a level 4 spell: Dispel Undead
  6908 | D:8      | Found a basalt altar of Yredelemnul.
  6967 | D:8      | Found a runed translucent door.
  7034 | D:8      | Reached ***** piety under Wu Jian
  7044 | D:8      | Reached skill level 5 in Necromancy
  7301 | D:8      | HP: 3/92 [killer bee (4)]
  7772 | D:8      | Noticed a skeletal warrior
  7818 | D:8      | Reached skill level 12 in Unarmed Combat
  7949 | D:8      | Noticed a four-headed hydra
  7966 | D:8      | HP: 4/91 [four-headed hydra (5)]
  8178 | Lair:1   | Entered Level 1 of the Lair of Beasts
  8208 | Lair:1   | Noticed a cane toad
  8224 | Lair:1   | a cane toad changed into a shapeshifter
  8232 | Lair:1   | a hornet changed into a harpy
  8232 | Lair:1   | Noticed a harpy (shapeshifter)
  8235 | Lair:1   | a harpy changed into a shapeshifter
  8269 | Lair:1   | Upgraded the game from 0.30-a0-1016-gfb0d676c02 to
                  | 0.31-a0-16-g6d2539766c
  8457 | Lair:1   | Mangled by a komodo dragon

Illustrated notes

Levels and vault maps discovered:
D:1:      wander_arrival_estate, layout_rooms,
          nicolae_ecumenical_snake_handling, minivault_11,
          chequers_serial_rivers_small_a
D:2:      layout_basic
D:3:      cheibrodos_pilgrimage, layout_rooms, pdpol_wu_jian_five_deadly_venoms,
          nicolae_sif_muna_little_library
D:4:      minmay_recursive_quarters, layout_basic, fedhas_ov_isle_minmay,
          nicolae_overflow_hallway_of_the_gods, chequers_ossuary_entry_cave
D:5:      layout_loops_ring, minmay_temple_entry_trees, kennysheep_minor_cross
D:6:      layout_basic, nemelex_dance_club_becter, ebering_ghost_sewer_f,
          uniq_pikel, uniq_prince_ribbit1, uniq_crazy_yiuf_cottage, uniq_maggie
D:7:      layout_loops_corners
D:8:      cheibrodos_histonic, layout_basic, lemuel_tele_altar, moated_statue
D:9:      layout_cave_pools, serial_gnoll_camp, gnoll_camp_medium_02,
          gnoll_camp_mini_loothouse, gnoll_camp_medium_01,
          gnoll_camp_huts_basic, item_on_display_a
Temple:   nicolae_temple_bog_church
Lair:1:   layout_misc_corridors, grunt_megastairs_4, lemuel_fruit_tree

Skill      XL: |  1  2  3  4  5  6  7  8  9 10 |
---------------+-------------------------------+-----
Unarmed Combat | 4 5 6 7 9 10 12 | 12.3
Dodging        | 3 4 |  4.4
Throwing       | 1 2 |  2.8
Fighting       | 3 |  3.7
Necromancy     | 2 4 5 |  5.7
Spellcasting   | 2 3 4 |  4.3
Stealth        | |  1.0

Action                     |  1- 3 |  4- 6 |  7- 9 | 10-12 || total
---------------------------+-------+-------+-------+-------++-------
  Melee: Unarmed           |    46 |   144 |   214 |       ||   404
         Punch             |     1 |     2 |     7 |    21 ||    31
         Whip              |    32 |    58 |    38 |   234 ||   362
  Throw: Dart              |     3 |       |    14 |       ||    17
   Cast: Necrotise         |       |       |     4 |    63 ||    67
         Vampiric Draining |       |       |     3 |    21 ||    24
         Dispel Undead     |       |       |       |     5 ||     5
 Invoke: Serpent's Lash    |       |       |     1 |       ||     1
Ability: Lunge             |       |    14 |    22 |    12 ||    48
         Whirlwind         |       |     3 |    10 |     4 ||    17
         Wall Jump         |       |     3 |       |     1 ||     4
  Evoke: Wand              |       |       |       |     9 ||     9
    Use: Scroll            |       |    14 |    10 |     4 ||    28
         Potion            |       |     3 |     1 |     4 ||     8
   Stab: Sleeping          |     8 |     8 |     5 |     2 ||    23
         Paralysed         |       |       |       |     1 ||     1
 Armour: Robe              |    24 |    71 |    54 |    87 ||   236
         Skin              |       |       |    31 |       ||    31
  Dodge: Dodged            |    44 |    67 |   124 |   251 ||   486

Table legend: (Time is in decaauts)
 A = Elapsed time spent in this place.
 B = Non-inter-level travel time spent in this place.
 C = Inter-level travel time spent in this place.
 D = Time resting spent in this place.
 E = Time spent auto-exploring this place.
 F = Levels seen in this place.
 G = Mean time per level.
                   A        B        C        D        E       F      G
               +--------+--------+--------+--------+--------+-----+--------+
         Total |   8459 |   8219 |    240 |    387 |   5383 |  12 |  704.9 |
       Dungeon |   7826 |   7586 |    240 |    363 |   5098 |   9 |  869.6 |
        Temple |      1 |      1 |      0 |      0 |      0 |   1 |    1.0 |
          Lair |    286 |    286 |      0 |      7 |    163 |   1 |  286.0 |
       Ossuary |    344 |    344 |      0 |     17 |    122 |   1 |  344.0 |
               +--------+--------+--------+--------+--------+-----+--------+

Top non-repeatable levels by time:
     D:8: 1561 daAuts
     D:7: 1330 daAuts
     D:6: 1106 daAuts
     D:4: 900 daAuts
     D:2: 843 daAuts
     D:5: 842 daAuts
     D:3: 689 daAuts
     D:1: 534 daAuts
 Ossuary: 344 daAuts
  Lair:1: 286 daAuts
     D:9: 17 daAuts
  Temple: 1 daAuts
